 Dungeon Crawl Stone Soup version 0.31-a0-841-g038b102fc3 (webtiles) character file.

Game seed: 11363649945262258592

177 Bravepunisher the Ducker (level 5, -10/30 HPs)
             Began as a Spriggan Monk on Sept 27, 2023.
             Was a Priest of Makhleb.
             Killed by an exploding bullfrog (14 damage)
             ... ignited by their inner flame
             ... in a sewer.
             The game lasted 00:07:20 (1265 turns).

Bravepunisher the Ducker (Spriggan Monk)            Turns: 1265, Time: 00:07:24

Health: -10/30     AC:  6    Str:  3 (7)  XL:     5   Next: 30%
Magic:  8/8        EV: 20    Int:  9 (11) God:    Makhleb [***...]
Gold:   58         SH:  0    Dex: 17 (20) Spells: 4/4 levels left

rFire   + . .        a - +0 short sword
rCold   + . .        (no shield)
rNeg    . . .        b - +0 robe
rPois   +            (helmet restricted)
rElec   +            (no cloak)
rCorr   +            (gloves unavailable)
SInv    +            (boots unavailable)
Will    +....        (no amulet)
Stlth   ++           f - +4 ring of protection
HPRegen 0.25/turn    (no ring)
MPRegen 0.11/turn

%: no passive effects
@: resistant, attractive, enlightened, flying, very quick
A: very small, no large weapons, unfitting armour, see invisible, speed 3,
robust 1, evolution 1
a: Renounce Religion, Minor Destruction, Lesser Servant of Makhleb


You were in a sewer.
You worshipped Makhleb.
Makhleb was most pleased with you.
You visited 2 branches of the dungeon, and saw 7 of its levels.
You also visited: Sewer.

You collected 58 gold pieces.

Inventory:

Hand Weapons
 a - a +0 short sword (weapon)
Armour
 b - a +0 robe (worn)
Jewellery
 f - a +4 ring of protection (left hand)
Potions
 e - a potion of magic
 m - a potion of resistance


   Skills:
 - Level 3.2 Fighting
 - Level 3.2 Short Blades
 + Level 5.6 Dodging
 * Level 3.2 Invocations


You had 4 spell levels left.
You didn't know any spells.
Your spell library contained the following spells:

 Spells                   Type           Power      Damage    Failure   Level
 Magic Dart               Conj           0%         1d3       38%         1
 Searing Ray              Conj           0%         2d4       52%         2
 Fulminant Prism          Conj/Hex       0%         3d5       99%         4
 Alistair's Intoxication  Tmut/Pois      0%         N/A       100%        5
 Borgnjor's Vile Clutch   Necr/Erth      0%         N/A       100%        5
 Eringya's Noxious Bog    Tmut/Pois      0%         4d6       100%        6


Dungeon Overview and Level Annotations

Branches:
Dungeon (6/15)             Temple (1/1) D:6           Sewer (1/1)

Altars:
Cheibriados
Elyvilon
Fedhas
Gozag
Hepliaklqana
Makhleb
Ru
Trog
Vehumet
Yredelemnul
The Shining One

Annotations:
D:4 3 runed translucent doors, Pikel; beavisfan's ghost, amateur DsSh


Innate Abilities, Weirdness & Mutations

You are very small and have problems with some larger weapons.
You are too small for most types of armour.
You have supernaturally acute eyesight. (SInv)
You cover ground extremely quickly. (Speed+++)
You are robust. (+10% HP)
You have hidden genetic potential.


Message History

The bullfrog is severely wounded.
The bullfrog closely misses you. The bullfrog completely misses you. x2
Unknown command.
You hit the bullfrog.
Flame seeps out of the bullfrog.
The bullfrog is severely wounded.
The bullfrog barely misses you. The bullfrog misses you.
The bullfrog snags a nearby baby bat with its tongue.
The bullfrog hits you.
Unknown command.
You hit the bullfrog.
Flame seeps out of the bullfrog.
The bullfrog is almost dead.
The bullfrog completely misses you. The bullfrog misses you.
Unknown command.
You closely miss the bullfrog.
The bullfrog is almost dead.
The bullfrog misses you. The bullfrog hits you.
The bullfrog hits you but does no damage.
Unknown command.
You closely miss the bullfrog.
The bullfrog is almost dead.
The bullfrog misses you. x3
Unknown command.
You miss the bullfrog.
The bullfrog is almost dead.
The bullfrog hits you. The bullfrog misses you.
Unknown command.
You hit the bullfrog. Makhleb accepts your kill.
The bullfrog explodes!
The fiery explosion engulfs the bullfrog!!
Makhleb accepts your kill. The fiery explosion engulfs you! You resist.
* * * LOW HITPOINT WARNING * * *
The bullfrog explodes!
The fiery explosion engulfs the ball python!!!
Makhleb accepts your kill.
You feel better.
The fiery explosion engulfs the adder!!
Makhleb accepts your kill.
You feel better. The fiery explosion engulfs you! You resist.
You die...

##....≈≈~≈≈#~..~#
#.....~~≈~~~≈≈~#~~≈≈~
#.....~~~~~~~≈≈~≈~~~#
##...l.≈~~≈≈≈≈≈≈≈~~≈~~
#...S..≈≈≈≈≈≈≈≈≈≈≈≈≈~≈
#...S#################
##...#### #..§§#§§#
#..S§§@§# #...#####
##...##
#....#################
#......≈≈~~~#≈#≈≈≈~~~≈
##....†~≈~~~...≈≈~≈~~~
#.....≈~†~≈.(.≈≈~~~~~
#.....~~≈≈≈...≈~~≈~≈~
##....≈~~≈≈...~~~≈≈≈~


You could see a ball python.

Vanquished Creatures
  2 bullfrogs (Sewer)
  10 adders
  5 river rats (Sewer)
  A white imp (D:5)
  An orc (D:4)
  3 endoplasms
  A giant cockroach (D:4)
  A goblin (D:4)
  11 ball pythons
  A frilled lizard (Sewer)
  2 kobolds
  28 rats
66 creatures vanquished.

Notes
Turn   | Place    | Note
-------+----------+-------------------------------------------
     0 | D:1      | Bravepunisher the Spriggan Monk began the quest for the
                  | Orb.
     0 | D:1      | Reached XP level 1. HP: 11/11 MP: 2/2
   355 | D:3      | Reached XP level 2. HP: 5/16 MP: 3/3
   444 | D:4      | Found a runed translucent gate.
   444 | D:4      | Found a runed translucent gate.
   444 | D:4      | Found a runed translucent gate.
   448 | D:5      | Entered Level 5 of the Dungeon
   458 | D:5      | Noticed an ogre
   471 | D:4      | Noticed beavisfan's ghost (amateur DsSh)
   479 | D:4      | Found a sacrificial altar of Ru.
   588 | D:4      | Reached XP level 3. HP: 8/20 MP: 4/4
   689 | D:4      | Noticed a lemure
   690 | D:4      | Noticed a lemure
   691 | D:4      | Noticed Pikel
   694 | D:5      | Noticed an ice beast
   753 | D:6      | Noticed an ogre
   781 | D:6      | Found a staircase to the Ecumenical Temple.
   788 | Temple   | Entered the Ecumenical Temple
   793 | Temple   | Became a worshipper of Makhleb the Destroyer
   793 | Temple   | Reached * piety under Makhleb
   793 | Temple   | Reached ** piety under Makhleb
   844 | D:5      | Reached skill level 1 in Invocations
   874 | D:5      | Found a glowing drain.
   888 | Sewer    | Entered a sewer
   918 | Sewer    | Reached skill level 5 in Dodging
   918 | Sewer    | Reached XP level 4. HP: 24/24 MP: 6/6
  1094 | Sewer    | Reached *** piety under Makhleb
  1152 | Sewer    | Reached XP level 5. HP: 24/28 MP: 8/8
  1240 | Sewer    | Gained mutation: You are frail. (-10% HP) [potion of
                  | mutation]
  1240 | Sewer    | Gained mutation: Your body sometimes deteriorates upon
                  | taking damage. [potion of mutation]
  1240 | Sewer    | Lost mutation: You are frail. (-10% HP) [potion of
                  | mutation]
  1254 | Sewer    | Lost mutation: Your body sometimes deteriorates upon taking
                  | damage. [potion of mutation]
  1254 | Sewer    | Gained mutation: You are robust. (+10% HP) [potion of
                  | mutation]
  1254 | Sewer    | Gained mutation: You have hidden genetic potential. [potion
                  | of mutation]
  1265 | Sewer    | Killed by an exploding bullfrog... ignited by their inner
                  | flame

Illustrated notes

Levels and vault maps discovered:
D:1:      sevenhm_arrival_forest_fort_large_4, layout_loops_cross
D:2:      layout_loops_ring
D:3:      layout_basic, fountainhead, kennysheep_cross_room,
          chequers_serial_rivers_marsh, uniq_terence
D:4:      layout_basic, nicolae_ru_awakened_eye, zin_scriptorium,
          mainiacjoe_overflow_cross_hatched, biasface_ghost_orc_armoury,
          minmay_crystal_water, uniq_ijyb, uniq_pikel, uniq_menkaure,
          uniq_edmund
D:5:      layout_rooms, portal_sewer_entry_b, serial_shops,
          nicolae_shop_hallway_stairs, grunt_decor_resistance
D:6:      minmay_thinvault, layout_basic, xom_teletrap_fun,
          chequers_temple_overflow_statue_of_worship,
          minmay_temple_entry_arrows, kennysheep_generic_room_10,
          uniq_crazy_yiuf_cottage
Temple:   hellmonk_temple_micro_hex
Sewer:    sewer_minmay_w

Skill      XL: |  1  2  3  4  5 |
---------------+----------------+-----
Fighting       | 3 |  3.2
Invocations    | 1 2 3 |  3.2
Dodging        | 5 |  5.6
Short Blades   | |  3.2

Action                     |  1- 3 |  4- 6 || total
---------------------------+-------+-------++-------
  Melee: Short sword       |    72 |    10 ||    82
 Invoke: Minor Destruction |    15 |    75 ||    90
    Use: Potion            |       |     8 ||     8
         Scroll            |       |     3 ||     3
   Stab: Sleeping          |     1 |       ||     1
 Armour: Robe              |    23 |    33 ||    56
  Dodge: Dodged            |    59 |    87 ||   146

Table legend: (Time is in decaauts)
 A = Elapsed time spent in this place.
 B = Non-inter-level travel time spent in this place.
 C = Inter-level travel time spent in this place.
 D = Time resting spent in this place.
 E = Time spent auto-exploring this place.
 F = Levels seen in this place.
 G = Mean time per level.
                   A        B        C        D        E       F      G
               +--------+--------+--------+--------+--------+-----+--------+
         Total |   1018 |   1016 |      2 |     39 |    469 |   8 |  127.2 |
       Dungeon |    654 |    654 |      0 |     39 |    290 |   6 |  109.0 |
        Temple |      7 |      5 |      2 |      0 |      0 |   1 |    7.0 |
         Sewer |    356 |    356 |      0 |      0 |    178 |   1 |  356.0 |
               +--------+--------+--------+--------+--------+-----+--------+

Top non-repeatable levels by time:
   Sewer: 356 daAuts
     D:4: 203 daAuts
     D:1: 140 daAuts
     D:3: 118 daAuts
     D:5: 92 daAuts
     D:2: 53 daAuts
     D:6: 46 daAuts
  Temple: 7 daAuts
